 Dungeon Crawl Stone Soup version 0.24-a0-284-g9fb9971df1 (webtiles) character file.

Game seed: 15297608906879664031

16668 Niddhogr the Blocker (level 12, -7/86 HPs)
             Began as a Formicid Venom Mage on May 4, 2019.
             Was an Initiate of Gozag.
             Mangled by a warg (9 damage)
             ... on level 1 of the Orcish Mines.
             The game lasted 01:04:37 (19603 turns).

Niddhogr the Blocker (Formicid Venom Mage)         Turns: 19603, Time: 01:04:38

Health: -7/86      AC:  6    Str: 17    XL:     12   Next: 73%
Magic:  15/26      EV: 11    Int: 19    God:    Gozag
Gold:   526        SH:  0    Dex: 11    Spells: 18/31 levels left

rFire    + . .     SeeInvis +   U - +3 spear (freeze)
rCold    + . .     Gourm    .   (no shield)
rNeg     . . .     Faith    .   P - +0 leather armour "Bauschu" {rElec rF+ Str+3} (curse)
rPois    .         Spirit   .   (helmet unavailable)
rElec    +         Reflect  .   f - +1 cloak
rCorr    .         Harm     .   (no gloves)
MR       +....                  E - +0 pair of boots
Stlth    ++........             z - amulet of magic regeneration
HPRegen  0.24/turn              I - ring of protection from cold
MPRegen  0.45/turn              u - ring of stealth {Stlth+}

@: lethally poisoned (-7 -> -7), radiating poison, gold aura, very slightly
contaminated, drained, invisible
A: permanent stasis, dig shafts and tunnels, four strong arms, antennae 3
a: Dig, Shaft Self, Potion Petition, Call Merchant, Bribe Branch, Renounce
Religion


You were on level 1 of the Orcish Mines.
You worshipped Gozag.
Gozag was pleased with you.
You were hungry.

You visited 3 branches of the dungeon, and saw 16 of its levels.

You collected 2086 gold pieces.
You spent 680 gold pieces at shops.
You paid 880 gold pieces to Gozag.

Inventory:

Hand Weapons
 D - a +2 dagger of venom
 G - a +3 dire flail of holy wrath
 U - a +3 spear of freezing (weapon)
Missiles
 m - 29 tomahawks (quivered)
 J - 56 poisoned needles
 Q - 247 arrows
Armour
 f - a +1 cloak (worn)
 h - a cursed +0 large shield
 E - a +0 pair of boots (worn)
 P - the cursed +0 leather armour "Bauschu" (worn) {rElec rF+ Str+3}
   (You found it on level 9 of the Dungeon)

   It affects your strength (+3).
   It protects you from fire.
   It insulates you from electricity.
   It has a curse placed upon it.
Jewellery
 a - an uncursed ring of fire {rF+, rC-}
 u - a ring of stealth (right hand) {Stlth+}
 z - an amulet of magic regeneration (around neck)
 C - an uncursed amulet of harm
 I - a ring of protection from cold (left hand)
Wands
 y - a wand of iceblast (3)
 K - a wand of polymorph (8)
 L - a wand of enslavement (7)
 R - a wand of paralysis (4)
Scrolls
 i - a scroll of noise {unknown}
 n - 2 scrolls of fear {unknown}
 o - a scroll of silence {unknown}
 v - 5 scrolls of remove curse
 w - a scroll of magic mapping {!r}
 x - a scroll of vulnerability {unknown}
 A - a scroll of immolation {unknown}
 O - a scroll of enchant armour {unknown}
 S - a scroll of random uselessness {unknown}
Potions
 b - 2 potions of mutation {!q}
 e - 2 potions of agility
 g - 3 potions of brilliance
 l - 2 potions of ambrosia
 p - 2 potions of cancellation
 B - a potion of lignification {!q}
 F - 7 potions of curing
 M - a potion of invisibility
 N - 2 potions of flight
Miscellaneous
 j - a lamp of fire
Comestibles
 c - 15 rations


   Skills:
 - Level 5.2(4.5) Fighting
 - Level 10.0(9.3) Polearms
 - Level 1.7(1.1) Dodging
 - Level 2.4(1.7) Stealth
 + Level 13.7(12.8) Shields
 - Level 10.0(9.2) Spellcasting
 - Level 0.8(0.2) Conjurations
 - Level 9.2(8.4) Poison Magic


You had 18 spell levels left.
You knew the following spells:

 Your Spells              Type           Power        Failure   Level  Hunger
b - Olgreb's Toxic Radia  Pois           #####...     3%          4    ###....
c - Confuse               Hex            #.......     30%         3    None
x - Mephitic Cloud        Conj/Pois/Air  ###.....     9%          3    None
z - Spectral Weapon       Hex/Chrm       #.......     30%         3    None

Your spell library contained the following spells:

 Spells                   Type           Power        Failure   Level  Hunger
 Sting                    Conj/Pois      ####         1%          1    None
 Poisonous Vapours        Pois/Air       ###...       2%          2    None
 Confusing Touch          Hex            #.....       10%         1    None
 Infusion                 Chrm           #...         10%         1    None
 Summon Small Mammal      Summ           #...         10%         1    None
 Call Imp                 Summ           #.......     16%         2    None
 Shroud of Golubria       Chrm/Tloc      #.........   16%         2    None
 Song of Slaying          Chrm           #.......     16%         2    None
 Call Canine Familiar     Summ           #.......     30%         3    None
 Gell's Gravitas          Tloc           #.........   30%         3    None
 Regeneration             Chrm/Necr      #.........   30%         3    None
 Summon Guardian Golem    Hex/Summ       #.......     30%         3    None
 Venom Bolt               Conj/Pois      ####......   43%         5    #####..
 Petrify                  Tmut/Erth      #.......     69%         4    ###....
 Summon Ice Beast         Ice/Summ       #.......     69%         4    ###....
 Summon Lightning Spire   Summ/Air       #.......     69%         4    ###....
 Metabolic Englaciation   Hex/Ice        #.........   95%         5    #####..
 Yara's Violent Unravell  Hex/Tmut       #.........   95%         5    #####..


Dungeon Overview and Level Annotations

Branches:
Dungeon (13/15)            Temple (1/1) D:4            Lair (0/6) D:10
    Orc (2/2) D:12            Elf (0/3) Orc:2
 Vaults: D:13-14

Altars:
Ashenzari
Cheibriados
Dithmenos
Elyvilon
Fedhas
Gozag
Hepliaklqana
Kikubaaqudgha
Makhleb
Nemelex Xobeh
Okawaru
Qazlal
Ru
Sif Muna
Trog
Uskayaw
Vehumet
Wu Jian
Xom
Yredelemnul
Zin
The Shining One

Shops:
D:10 :

Annotations:
D:6 exclusion: ice beast
D:10 2 runed translucent doors, Fandomethor's ghost, journeyman OgBe
D:11 2 runed translucent doors, exclusion: orange crystal statue


Innate Abilities, Weirdness & Mutations

You cannot be hasted, slowed, berserked, paralysed or teleported.
You can dig through walls and to a lower floor.
Your four strong arms can wield two-handed weapons with a shield.
You have a pair of large antennae on your head. (SInv)


Message History

Unknown command.
Your toxic radiance grows in intensity.
The orc wizard shouts!
You are feeling hungry.
The orc wizard is no longer distracted by gold.
The orc wizard looks even sicker.
The orc looks even sicker. x2
The orc knight looks even sicker.
The orc sorcerer looks even sicker.
The orc warrior looks even sicker.
The orc knight looks even sicker.
The orc wizard looks even sicker.
You kill the orc!
You feel sick.
You hear a shout!
You kill the orc!
The orc wizard becomes distracted by the nearby gold, dreaming of imaginary riches.
The warg bites you!
* * * LOW HITPOINT WARNING * * *
The orc wizard becomes distracted by the nearby gold, dreaming of imaginary riches. x2
The warg bites you!
You die...
Your body crumbles into a pile of gold.

##...^ ####.#...# $
####4#.....#
##..Oh@#...# .
.##....o##...#.. $
.....oo#T##......
...#..o.Oo{.......
#.......ooo........
......#o..4T.{#....
$
.....###$oo........
.......ooo...C...#
.....o..........#.


You could see 2 orc knights, an ice devil, a troll, a warg, an orc sorcerer, a
red devil, 3 orc warriors, 2 ogres, an orc priest, 5 orc wizards and 2 orcs.

Levels and vault maps discovered:
D:1:      scummos_arrival_checkerplants, layout_loops_ring, minivault_4
D:2:      layout_basic, nicolae_qazlal_general_emergency,
          nicolae_dithmenos_through_a_glass_darkly, first_ration,
          okawaru_ov_weapons_minmay, uniq_robin
D:3:      layout_basic, lemuel_coloured_pillars_altar, uniq_sigmund
D:4:      layout_loops_cross, eat_drink_and_be_merry_uskayaw,
          minmay_temple_entry_waves, serial_aquarium,
          aquarium_bridge_island_small [aquarium_subvault_small_open,
          aquarium_subvault_bridge, aquarium_subvault_bridge,
          aquarium_subvault_window, aquarium_subvault_bridge],
          aquarium_bridge_square [aquarium_subvault_bridge,
          aquarium_subvault_bridge, aquarium_subvault_balcony,
          aquarium_subvault_wall], aquarium_window_1, aquarium_window_2,
          aquarium_window_corner, aquarium_window_1, aquarium_view_4,
          chequers_serial_rivers_marsh
D:5:      layout_loops_ring, vehumet_crystals
D:6:      layout_basic, uniq_edmund, uniq_duvessa
D:7:      layout_basic, overflow_temple_1_default, the_bakery, uniq_pikel
D:8:      layout_loops_ring, eino_small_chamber_without_monster,
          makhleb_blood_cavern_becter
D:9:      layout_stronghold
D:10:     layout_loops_ring, due_lair_maze_entry_diamond,
          ebering_ghost_disaster_area, uniq_nergalle
D:11:     layout_loops_corners, minmay_statue_crystal_thing
D:12:     layout_gridville, david_orc_1_choice, drop_trap, st_stairs_8
D:13:     layout_cave_pools
Temple:   regret_index_temple_sphere_string
Orc:1:    layout_caves, serial_shops,
          nicolae_shop_temple_entry_statues_fountains, mines1_david
Orc:2:    kennysheep_orc_mage_school, layout_diamond_mine

Notes
Turn   | Place    | Note
-------+----------+-------------------------------------------
     0 | D:1      | Niddhogr the Formicid Venom Mage began the quest for the
                  | Orb.
     0 | D:1      | Reached XP level 1. HP: 13/13 MP: 3/3
   203 | D:1      | Identified a +0 dagger
   243 | D:1      | Identified a ring of protection from cold (You found it on
                  | level 1 of the Dungeon)
   246 | D:1      | Identified a +0 club
   249 | D:1      | Reached XP level 2. HP: 19/19 MP: 0/5
   348 | D:1      | Identified a +0 whip
   432 | D:1      | Reached skill level 5 in Poison Magic
   589 | D:1      | Identified a +0 club
   678 | D:1      | Identified a +0 dagger
   731 | D:1      | Identified a +0 whip
   968 | D:2      | Identified a +0 club
   969 | D:2      | Identified a +2 dagger of venom
   972 | D:2      | Reached XP level 3. HP: 16/24 MP: 4/6
  1085 | D:2      | Learned a level 3 spell: Mephitic Cloud
  1105 | D:2      | You fall through a shaft for 2 floors!
  1105 | D:4      | Identified a +0 mace
  1106 | D:4      | Identified a +0 morningstar
  1106 | D:4      | Identified a +0 dagger
  1106 | D:4      | Identified a +0 robe
  1118 | D:4      | Found a hide-covered altar of Uskayaw.
  1137 | D:4      | Reached skill level 6 in Poison Magic
  1137 | D:4      | Reached XP level 4. HP: 10/30 MP: 3/7
  1270 | D:4      | HP: 7/30 [worker ant (1)]
  1272 | D:4      | Identified 2 potions of curing
  1506 | D:4      | Reached skill level 7 in Poison Magic
  1532 | D:4      | Identified a +0 trident
  1532 | D:4      | Identified a +0 leather armour
  1536 | D:4      | Reached XP level 5. HP: 35/35 MP: 6/8
  1644 | D:4      | Identified a +0 mace
  1644 | D:4      | Identified a +0 leather armour
  1811 | D:4      | Identified a +0 hand axe
  1811 | D:4      | Identified a +0 dagger
  1814 | D:4      | Identified a +0 dagger of venom
  1816 | D:4      | Identified a +0 war axe
  1954 | D:3      | Identified a +0 hand axe
  2002 | D:3      | Identified a +1 scythe of slicing
  2002 | D:3      | Identified a +0 robe
  2002 | D:3      | Noticed Sigmund
  2019 | D:3      | Killed Sigmund
  2019 | D:3      | Reached skill level 9 in Poison Magic
  2019 | D:3      | Reached XP level 6. HP: 24/41 MP: 5/9
  2033 | D:3      | Learned a level 4 spell: Olgreb's Toxic Radiance
  2153 | D:3      | Identified a +0 hunting sling
  2801 | D:3      | Identified a +0 dagger
  2817 | D:3      | Identified a ring of stealth (You found it on level 3 of
                  | the Dungeon)
  2895 | D:3      | Identified a +0 flail
  2897 | D:3      | Found a burning altar of Makhleb.
  3143 | D:2      | Reached skill level 1 in Polearms
  3144 | D:2      | Reached XP level 7. HP: 41/46 MP: 10/10
  3313 | D:2      | Found a stormy altar of Qazlal.
  3474 | D:2      | Identified a +0 dagger
  3478 | D:2      | Identified a cursed -3 dagger
  3478 | D:2      | Identified a +2 animal skin
  3478 | D:2      | Identified a +0 helmet
  3478 | D:2      | Noticed Robin
  3478 | D:2      | Identified a +0 club
  3480 | D:2      | Identified a +0 dagger
  3482 | D:2      | Identified a +0 club
  3482 | D:2      | Identified a +0 club
  3491 | D:2      | Identified a cursed -3 club
  3495 | D:2      | HP: 11/46 [goblin/+0 club[Robin] (6)]
  3501 | D:2      | Killed Robin
  3502 | D:2      | Identified a cursed -1 club
  3709 | D:2      | Found a shadowy altar of Dithmenos.
  3799 | D:2      | Found an iron altar of Okawaru.
  3905 | D:2      | Identified a +1 cloak (You found it on level 2 of the
                  | Dungeon)
  3905 | D:2      | Identified 4 scrolls of identify
  3905 | D:2      | Identified a scroll of magic mapping
  3906 | D:2      | Identified 2 potions of haste
  3907 | D:2      | Identified a scroll of amnesia
  3908 | D:2      | Identified 2 potions of mutation
  4225 | D:4      | Identified a +0 hand axe
  4227 | D:4      | Found a staircase to the Ecumenical Temple.
  4227 | D:4      | Identified a +0 leather armour
  4227 | D:4      | Identified a +0 dagger
  4227 | D:4      | Identified a +0 robe
  4229 | D:4      | Identified a cursed +0 hand axe
  4229 | D:4      | Identified a +0 leather armour
  4231 | D:4      | Reached skill level 3 in Spellcasting
  4235 | D:4      | Reached skill level 2 in Polearms
  4350 | Temple   | Entered the Ecumenical Temple
  4628 | D:4      | Identified a +0 halberd
  4628 | D:4      | Identified a +0 spear
  4919 | D:5      | Entered Level 5 of the Dungeon
  4931 | D:5      | Reached skill level 3 in Polearms
  4931 | D:5      | Reached skill level 4 in Spellcasting
  5056 | D:5      | Reached XP level 8. HP: 52/52 MP: 14/14
  5340 | D:5      | Reached skill level 4 in Polearms
  5529 | D:5      | Identified a ring of fire (You found it on level 5 of the
                  | Dungeon)
  5542 | D:5      | Identified an amulet of magic regeneration (You found it on
                  | level 5 of the Dungeon)
  5591 | D:5      | Identified a cursed -1 giant spiked club
  5596 | D:5      | Reached skill level 5 in Spellcasting
  5870 | D:5      | Found a radiant altar of Vehumet.
  5929 | D:5      | Identified a +0 pair of boots (You found it on level 5 of
                  | the Dungeon)
  6130 | D:6      | Identified 2 potions of degeneration
  6132 | D:6      | Identified a potion of lignification
  6362 | D:6      | Reached skill level 5 in Polearms
  6578 | D:6      | Identified an amulet of harm (You found it on level 6 of
                  | the Dungeon)
  6703 | D:6      | Identified a +3 dire flail of holy wrath
  6703 | D:6      | Identified a +0 scale mail
  6703 | D:6      | Noticed Edmund
  6721 | D:6      | Killed Edmund
  6721 | D:6      | Reached skill level 6 in Spellcasting
  6722 | D:6      | Reached XP level 9. HP: 45/57 MP: 11/18
  6915 | D:6      | Identified 2 potions of brilliance
  7135 | D:6      | Identified a +0 shortbow
  7161 | D:6      | Reached skill level 6 in Polearms
  7260 | D:6      | Identified a +2 great mace of pain (You found it on level 3
                  | of the Dungeon)
  7359 | D:6      | Identified a potion of agility
  7434 | D:6      | Identified a +0 rapier
  7434 | D:6      | Identified a +0 leather armour
  7434 | D:6      | Noticed Duvessa
  7434 | D:6      | Identified a +0 dagger
  7434 | D:6      | Identified a +0 robe
  7434 | D:6      | Noticed Dowan
  7459 | D:6      | Killed Duvessa
  7459 | D:6      | Killed Dowan
  7459 | D:6      | Reached skill level 7 in Spellcasting
  7576 | D:6      | Got an iridescent shortbow
  7577 | D:6      | Identified the cursed +0 shortbow of Instinct {freeze,
                  | +Blink} (You found it on level 6 of the Dungeon)
  7578 | D:6      | Identified a scroll of blinking
  7579 | D:6      | Identified a scroll of remove curse
  7808 | D:7      | Identified a +0 shortbow
  7841 | D:7      | Identified a +0 halberd
  7853 | D:7      | HP: 14/57 [poisoned by a water moccasin]
  7859 | D:7      | HP: 12/57 [poisoned by a water moccasin]
  7864 | D:7      | HP: 11/57 [poisoned by a water moccasin]
  7872 | D:7      | HP: 11/57 [poisoned by a water moccasin]
  8159 | D:7      | Identified a +0 chain mail
  8160 | D:7      | Identified a +0 dagger
  8160 | D:7      | Identified a +0 leather armour
  8161 | D:7      | Identified a +0 glaive
  8161 | D:7      | Identified a +0 chain mail
  8162 | D:7      | Identified a +0 dagger
  8162 | D:7      | Identified a +0 robe
  8164 | D:7      | Identified a +4 mace
  8164 | D:7      | Identified a +0 ring mail
  8173 | D:7      | Reached skill level 7 in Polearms
  8345 | D:7      | Identified a +0 giant club
  8757 | D:7      | Identified a +0 animal skin
  8757 | D:7      | Identified a +0 animal skin
  8757 | D:7      | Identified a +0 animal skin
  8757 | D:7      | Identified a +1 whip of freezing
  8757 | D:7      | Identified a +0 robe
  8757 | D:7      | Noticed Pikel
  8758 | D:7      | Identified a +0 animal skin
  8772 | D:7      | Killed Pikel
  8772 | D:7      | Reached skill level 8 in Polearms
  8772 | D:7      | Reached skill level 8 in Spellcasting
  8772 | D:7      | Reached XP level 10. HP: 53/63 MP: 14/22
  8903 | D:7      | Identified a +0 dagger
  8903 | D:7      | Identified a +0 robe
  8983 | D:7      | Found an opulent altar of Gozag.
  8996 | D:7      | Reached skill level 9 in Spellcasting
  9007 | D:7      | Became a worshipper of Gozag Ym Sagoz the Greedy
  9127 | D:8      | Identified a +0 short sword
  9127 | D:8      | Identified a +0 scale mail
  9127 | D:8      | Identified a +0 dagger
  9127 | D:8      | Identified a +0 shortbow
  9128 | D:8      | Identified a +0 halberd
  9128 | D:8      | Identified a +0 chain mail
  9326 | D:8      | Identified a +0 dagger
  9346 | D:8      | Identified a +0 falchion
  9346 | D:8      | Identified a +2 leather armour of cold resistance
  9400 | D:8      | Identified 2 potions of heal wounds
  9510 | D:8      | Found a burning altar of Makhleb.
  9524 | D:8      | Reached skill level 9 in Polearms
  9729 | D:8      | Identified a +0 giant club
  9731 | D:8      | Identified a +0 shortbow
  9757 | D:8      | Identified 2 potions of flight
 10045 | D:8      | Identified a +0 short sword
 10045 | D:8      | Identified a +0 chain mail
 10108 | D:8      | Identified 2 potions of ambrosia
 10278 | D:8      | Identified a +0 hunting sling
 10354 | D:8      | Identified a +0 shortbow
 10863 | D:9      | Got a transparent leather armour
 10874 | D:9      | Identified the cursed +0 leather armour "Bauschu" {rElec
                  | rF+ Str+3} (You found it on level 9 of the Dungeon)
 11341 | D:9      | HP: 9/62 [wyvern (9)]
 11355 | D:9      | Identified a +0 mace
 11355 | D:9      | Identified a +0 leather armour
 11535 | D:9      | Identified a +0 hand axe
 11535 | D:9      | Identified a +0 ring mail
 11740 | D:9      | Reached skill level 10 in Spellcasting
 11869 | D:9      | Identified a +0 flail
 11869 | D:9      | Identified a +0 leather armour
 11869 | D:9      | Identified a +2 whip of electrocution
 11869 | D:9      | Identified a +4 scale mail
 11871 | D:9      | Identified a +0 flail
 11871 | D:9      | Identified a +3 flail of protection
 11871 | D:9      | Identified a +0 ring mail
 12293 | D:10     | Entered Level 10 of the Dungeon
 12329 | D:10     | Identified a +0 dagger
 12329 | D:10     | Identified a +0 robe
 12329 | D:10     | Identified a +0 club
 12329 | D:10     | Identified a +0 scale mail
 12330 | D:10     | Identified a +0 leather armour
 12330 | D:10     | Identified a +0 club
 12330 | D:10     | Identified a cursed -2 leather armour
 12429 | D:10     | Identified a +0 giant club
 12429 | D:10     | Identified a +0 giant spiked club
 12429 | D:10     | Noticed a two-headed ogre
 12433 | D:10     | Identified a +0 dagger of venom
 12433 | D:10     | Identified a +2 robe of fire resistance
 12433 | D:10     | Noticed Nergalle
 12443 | D:10     | Identified a +0 glaive
 12443 | D:10     | Identified a +0 plate armour
 12443 | D:10     | Identified a +2 dire flail
 12443 | D:10     | Identified a +0 chain mail
 12448 | D:10     | Reached skill level 10 in Polearms
 12449 | D:10     | Identified a +3 vampiric long sword
 12449 | D:10     | Identified a +0 chain mail
 12449 | D:10     | Reached skill level 1 in Fighting
 12561 | D:10     | Killed a two-headed ogre
 12561 | D:10     | Reached skill level 4 in Fighting
 12561 | D:10     | Reached XP level 11. HP: 37/78 MP: 20/25
 12823 | D:10     | Reached skill level 5 in Fighting
 12996 | D:10     | Found a large runed translucent door.
 12997 | D:10     | Found a large runed translucent door.
 12998 | D:10     | Noticed Fandomethor's ghost (journeyman OgBe)
 13014 | D:10     | Reached skill level 3 in Shields
 13126 | D:10     | Identified a cursed +0 flail
 13126 | D:10     | Identified a +0 robe
 13126 | D:10     | Identified a +4 morningstar of freezing
 13126 | D:10     | Identified a +0 robe
 13153 | D:10     | Identified a cursed +3 short sword
 13153 | D:10     | Identified a +0 robe
 13246 | D:10     | Identified a +4 mace of freezing
 13246 | D:10     | Identified a +0 robe
 13246 | D:10     | Identified a +3 spear of freezing
 13246 | D:10     | Identified a +0 robe
 13287 | D:10     | Reached skill level 4 in Shields
 13449 | D:10     | Reached skill level 5 in Shields
 13465 | D:10     | Killed Nergalle
 13465 | D:10     | Reached skill level 6 in Shields
 13623 | D:10     | Found a staircase to the Lair.
 13671 | D:10     | Reached skill level 7 in Shields
 13707 | D:10     | Identified 3 scrolls of teleportation
 13708 | D:10     | Identified 2 potions of cancellation
 13778 | D:10     | Identified a +0 chain mail
 13780 | D:10     | Identified a +0 hand axe
 13923 | D:10     | Identified a +0 leather armour
 14555 | D:11     | Reached skill level 8 in Shields
 14850 | D:11     | Found a runed translucent door.
 14860 | D:11     | Found a runed translucent door.
 14871 | D:11     | Found a runed translucent door.
 14874 | D:11     | Identified a +0 giant club
 14874 | D:11     | Identified a +0 giant club
 14874 | D:11     | Noticed a two-headed ogre
 14895 | D:11     | Killed a two-headed ogre
 15159 | D:11     | Found a runed translucent door.
 15258 | D:11     | Identified a +0 shortbow
 15272 | D:11     | Reached skill level 9 in Shields
 15773 | D:11     | Noticed an orange crystal statue
 15774 | D:11     | Identified a +0 giant club
 16012 | D:11     | HP: 18/80 [slime creature (19)]
 16204 | D:12     | Identified a cursed +0 giant spiked club
 16204 | D:12     | Identified a +0 giant club
 16204 | D:12     | Noticed a two-headed ogre
 16226 | D:12     | Killed a two-headed ogre
 16226 | D:12     | Reached skill level 10 in Shields
 16236 | D:12     | Reached XP level 12. HP: 55/86 MP: 26/26
 16453 | D:12     | HP: 14/86 [iguana (12)]
 16783 | D:12     | Identified a +0 battleaxe of flaming
 16783 | D:12     | Identified a +0 chain mail
 16784 | D:12     | Identified a +0 club
 16784 | D:12     | Identified a +0 chain mail
 16784 | D:12     | Identified a +0 dagger
 16784 | D:12     | Identified a +0 robe
 16784 | D:12     | Identified a +1 vampiric dagger
 16784 | D:12     | Identified a +0 robe
 16784 | D:12     | Identified a cursed -2 short sword
 16784 | D:12     | Identified a +0 scale mail
 16934 | D:12     | Identified a +0 halberd
 16934 | D:12     | Identified a +0 chain mail
 16936 | D:12     | Identified a +1 flail of crushing
 16936 | D:12     | Identified a +2 mace of crushing
 17028 | D:12     | Found a staircase to the Orcish Mines.
 17028 | D:12     | Identified a +0 dagger
 17028 | D:12     | Identified a +0 chain mail
 17043 | D:12     | Identified a +0 glaive
 17043 | D:12     | Identified a +0 chain mail
 17044 | D:12     | Identified a cursed +0 battleaxe
 17044 | D:12     | Identified a +0 plate armour
 17069 | D:12     | Reached skill level 11 in Shields
 17313 | D:12     | Identified a +0 short sword
 17377 | D:12     | Identified a +0 mace
 17415 | D:12     | Identified a +0 vampiric whip
 17661 | D:12     | Identified a +0 falchion
 17750 | D:12     | Identified a +0 dagger
 17750 | D:12     | Identified a +0 robe
 17750 | D:12     | Identified a +0 leather armour
 17752 | D:12     | Identified a +0 falchion
 18106 | D:12     | Noticed a four-headed hydra
 18113 | D:12     | Killed a four-headed hydra
 18113 | D:12     | Reached skill level 12 in Shields
 18217 | D:13     | Identified a +0 hand axe
 18217 | D:13     | Identified a +0 chain mail
 18217 | D:13     | Identified a +0 hand axe
 18217 | D:13     | Identified a +2 dagger of venom
 18217 | D:13     | Identified a +0 robe
 18219 | D:13     | Identified a +0 dagger
 18219 | D:13     | Identified a +0 robe
 18219 | D:13     | Identified a +0 club
 18220 | D:13     | Identified a +4 glaive
 18220 | D:13     | Identified a +0 chain mail
 18220 | D:13     | Noticed a death knight
 18422 | D:13     | Identified a +0 shortbow
 18430 | D:13     | Identified a +0 giant club
 18430 | D:13     | Identified a +0 giant club
 18430 | D:13     | Noticed a two-headed ogre
 18444 | D:13     | Killed a two-headed ogre
 18446 | D:13     | Identified a +0 morningstar
 18516 | D:13     | Identified a +0 scimitar
 18516 | D:13     | Identified a +0 shortbow
 18516 | D:13     | Noticed a deep elf knight
 18540 | D:13     | Killed a deep elf knight
 18540 | D:13     | Reached skill level 13 in Shields
 19041 | D:13     | Noticed an unseen horror
 19055 | D:13     | Killed an unseen horror
 19087 | D:13     | Identified a +0 dagger
 19087 | D:13     | Identified a +0 robe
 19088 | D:13     | Identified a cursed -2 mace
 19336 | D:10     | Bought a book of Battle for 680 gold pieces
 19340 | D:10     | Learned a level 3 spell: Spectral Weapon
 19344 | D:10     | Learned a level 3 spell: Confuse
 19463 | Orc:1    | Entered Level 1 of the Orcish Mines
 19463 | Orc:1    | Identified a +0 giant spiked club
 19541 | Orc:2    | Entered Level 2 of the Orcish Mines
 19541 | Orc:2    | Found a staircase to the Elven Halls.
 19541 | Orc:2    | Identified a +0 giant club
 19584 | Orc:1    | Identified a +0 battleaxe
 19584 | Orc:1    | Identified a +0 plate armour
 19584 | Orc:1    | Identified a +0 dagger
 19584 | Orc:1    | Identified a +0 robe
 19584 | Orc:1    | Identified a +0 club
 19584 | Orc:1    | Identified a +0 falchion
 19584 | Orc:1    | Identified a +0 dagger
 19584 | Orc:1    | Identified a +0 robe
 19584 | Orc:1    | Identified a +0 short sword
 19584 | Orc:1    | Identified a +0 plate armour
 19584 | Orc:1    | Identified a +0 short sword
 19584 | Orc:1    | Identified a +0 leather armour
 19584 | Orc:1    | Identified a +0 ring mail
 19584 | Orc:1    | Identified a +0 ring mail
 19584 | Orc:1    | Identified a +0 dagger of venom
 19584 | Orc:1    | Identified a +2 robe of magic resistance
 19584 | Orc:1    | Identified a +0 giant club
 19584 | Orc:1    | Identified a +0 battleaxe
 19584 | Orc:1    | Identified a +0 plate armour
 19584 | Orc:1    | Identified a +0 dagger
 19584 | Orc:1    | Identified a +0 robe
 19584 | Orc:1    | Identified a +0 giant spiked club
 19584 | Orc:1    | Identified a +0 dagger of draining
 19584 | Orc:1    | Identified a +0 robe
 19584 | Orc:1    | Identified a +0 dagger
 19584 | Orc:1    | Identified a +0 robe
 19585 | Orc:1    | Identified a +0 war axe
 19585 | Orc:1    | Identified a +0 chain mail
 19586 | Orc:1    | Identified a +0 flail
 19586 | Orc:1    | Identified a +0 mace
 19586 | Orc:1    | Identified a +0 plate armour
 19586 | Orc:1    | Identified a +0 flail
 19587 | Orc:1    | Identified a +0 dagger
 19587 | Orc:1    | Identified a +0 robe
 19589 | Orc:1    | Identified a +0 dagger
 19589 | Orc:1    | Identified a +0 robe
 19590 | Orc:1    | HP: 21/86 [poisoned by an orc sorcerer]
 19592 | Orc:1    | Identified a +0 trident
 19602 | Orc:1    | HP: 10/86 [orc knight/+0 battleaxe (17)]
 19603 | Orc:1    | HP: 2/86 [warg (7)]
 19603 | Orc:1    | Mangled by a warg

Table legend:
 A = Turns spent in this place as a percentage of turns spent in the entire game.
 B = Non-inter-level travel turns spent in this place as a percentage of non-inter-level travel turns spent in the entire game.
 C = Inter-level travel turns spent in this place as a percentage of turns spent in this place.
 D = Turns resting spent in this place as a percentage of non-inter-level travel turns spent in this place.
 E = Turns spent auto-exploring this place as a percentage of non-inter-level travel turns spent in this place.
 F = Non-inter-level travel turns spent in this place divided by the number of levels of this place that you've seen.
                   A       B       C       D       E      F
               +-------+-------+-------+-------+-------+----------------------
         Total | 100.0 | 100.0 |   4.3 |  12.0 |  67.8 | 1172.8
       Dungeon |  98.5 |  98.5 |   4.3 |  12.2 |  67.8 | 1421.8
        Temple |   0.7 |   0.7 |   4.8 |   0.0 |  98.6 | 140.0
  Orcish Mines |   0.7 |   0.7 |   0.0 |   0.0 |  40.7 |  70.0
               +-------+-------+-------+-------+-------+----------------------

Table legend:
 A = Kills in this place as a percentage of kills in entire the game.
 B = Kills by you in this place as a percentage of kills by you in the entire game.
 C = Kills by friends in this place as a percentage of kills by friends in the entire game.
 D = Other kills in this place as a percentage of other kills in the entire game.
 E = Experience gained in this place as a percentage of experience gained in the entire game.
 F = Experience gained in this place divided by the number of levels of this place that you have seen.
                   A       B       C       D       E      F
               +-------+-------+-------+-------+-------+----------------------
         Total | 100.0 | 100.0 | 100.0 |   N/A | 100.0 | 1488.2
       Dungeon |  98.5 |  98.5 | 100.0 |   N/A |  99.0 | 1813.0
  Orcish Mines |   1.5 |   1.5 |   0.0 |   N/A |   1.0 | 121.5
               +-------+-------+-------+-------+-------+----------------------

Skill      XL: |  1  2  3  4  5  6  7  8  9 10 11 12 |
---------------+-------------------------------------+-----
Poison Magic   | 5 6 7 9 |  9.2
Polearms       | 1 3 5 8 10 | 10.0
Spellcasting   | 4 6 8 10 | 10.0
Fighting       | 4 5 |  5.2
Shields        | 10 13 | 13.7
Dodging        | |  1.7
Stealth        | |  2.4
Conjurations   | |  0.8

Action                   |  1- 3 |  4- 6 |  7- 9 | 10-12 || total
-------------------------+-------+-------+-------+-------++-------
Melee: Unarmed           |    12 |       |       |       ||    12
       Dagger            |    22 |   104 |   272 |   154 ||   552
       Scythe            |       |       |    68 |    54 ||   122
       Dire flail        |       |       |       |    18 ||    18
       Spear             |       |       |       |   486 ||   486
Throw: Tomahawk          |       |       |       |     2 ||     2
 Cast: Sting             |    25 |    23 |    17 |    12 ||    77
       Mephitic Cloud    |       |     1 |       |     9 ||    10
       Olgreb's Toxic Ra |       |       |    28 |    52 ||    80
Invok: Call Merchant     |       |       |       |     1 ||     1
 Abil: Dig               |       |     5 |     5 |       ||    10
Evoke: Wand              |       |       |     2 |    35 ||    37
  Use: Potion            |       |     1 |     1 |     6 ||     8
       Scroll            |       |       |    10 |     6 ||    16
 Stab: Sleeping          |     2 |     4 |    13 |    18 ||    37
       Confused          |       |     1 |       |    10 ||    11
       Paralysed         |       |       |       |     6 ||     6
       Distracted        |       |       |       |     1 ||     1
  Eat: Chunk             |     1 |     7 |    16 |     3 ||    27
       Ration            |       |       |     2 |    13 ||    15
Armor: Robe              |     4 |    11 |     1 |       ||    16
       Animal skin       |       |       |    99 |    10 ||   109
       Leather armour    |       |       |       |   113 ||   113
Dodge: Dodged            |    25 |    65 |   232 |   274 ||   596

Vanquished Creatures
  A hydra (D:12)
  4 two-headed ogres
  A deep elf knight (D:13)
  Nergalle (D:10)
  An unseen horror (D:13)
  Pikel (D:7)
  An ugly thing (D:12)
  2 trolls (D:10)
  2 hippogriffs
  4 slime creatures
  A meliai zombie (D:13)
  Sigmund (D:3)
  A spriggan (D:7)
  3 wraiths
  A wyvern (D:9)
  A vampire (D:11)
  A basilisk (D:12)
  A hungry ghost (D:9)
  A steam dragon (D:13)
  Edmund (D:6)
  2 wargs (D:12)
  A water moccasin (D:7)
  Duvessa (D:6)
  4 porcupines (D:10)
  5 black bears
  7 orc warriors
  4 slaves (D:7)
  2 sky beasts
  2 ice beasts
  2 phantoms
  A necrophage (D:8)
  6 ogres
  7 centaurs
  A crocodile (D:10)
  A wyvern zombie (D:12)
  6 bullfrogs
  Dowan (D:6)
  6 scorpions
  5 killer bees (D:10)
  5 wights (D:10)
  A howler monkey (D:9)
  7 crimson imps
  A bullfrog skeleton (D:11)
  2 bullfrog zombies
  2 centaur zombies
  3 jellies
  A quasit (D:10)
  7 hounds
  8 orc priests
  2 centaur skeletons
  6 iguanas
  8 orc wizards
  14 worker ants
  A killer bee zombie (D:5)
  A hound zombie (D:10)
  3 hound skeletons
  Robin (D:2)
  19 adders
  6 gnolls
  7 shadow imps
  An adder skeleton (D:3)
  5 worms
  3 dart slugs
  6 leopard geckos
  46 orcs
  4 ball pythons
  2 giant cockroaches
  20 goblins
  8 hobgoblins
  4 jackals (D:4)
  4 kobolds
  5 quokkas
  19 bats
  7 frilled lizards
  A jackal skeleton (D:4)
  A leopard gecko skeleton (D:8)
  3 quokka skeletons
  3 rats
341 creatures vanquished.

Vanquished Creatures (collateral kills)
  A slime creature (D:12)
1 creature vanquished.

Vanquished Creatures (others)
  49 fungi
  22 plants (D:10)
71 creatures vanquished.

Grand Total: 413 creatures vanquished
